 Dungeon Sprint DCSS version 0.30-a0-591-g3c58d2bc28 (webtiles) character file.

Game seed: 10000849051375847563

1540 mhtbhm the Grappler (level 8, -15/88 HPs)
             Began as a Troll Transmuter on Jan 5, 2023.
             Was an Initiate of Gozag.
             Demolished by a death yak (27 damage)
             ... in the Dungeon (Sprint VII: "The Pits").
             The game lasted 00:01:50 (635 turns).

mhtbhm the Grappler (Troll Transmuter)               Turns: 635, Time: 00:01:50

Health: -15/88     AC:  5    Str: 21    XL:     8   Next: 56%
Magic:  10/15      EV: 11    Int:  9    God:    Gozag
Gold:   891        SH:  0    Dex: 10    Spells: 8/18 levels left

rFire   x . .      SeeInvis .      - Unarmed
rCold   + + +      Faith    .    (shield currently unavailable)
rNeg    . . .      Spirit   .    (body armour currently unavailable)
rPois   +          Reflect  .    (helmet currently unavailable)
rElec   .          Harm     .    (cloak currently unavailable)
rCorr   .          Rampage  .    (gloves unavailable)
Will    .....      NoTele   +    (boots unavailable)
Stlth   ++                       (no amulet)
HPRegen 1.14/turn                (no ring)
MPRegen 0.14/turn                (no ring)

@: ice-form, gold aura
A: freezing attack, amphibious, boosted hp, large, unfitting armour, (claws 3),
regeneration 1, (shaggy fur 1), (tough skin 1)
a: End Transformation, Renounce Religion, Potion Petition, Call Merchant, Bribe
Branch


You were in the Dungeon.
You worshipped Gozag.
Gozag was pleased with you.
You were a creature of crystalline ice.
You visited 1 branch You collected 891 gold pieces.

Inventory:

Armour
 a - a +0 robe (melded)
Scrolls
 h - a scroll of blinking
 j - 5 scrolls of amnesia
 k - a scroll of butterflies
Potions
 b - a potion of lignification
 c - 6 potions of curing
 d - 4 potions of heal wounds
 e - a potion of haste
 f - 4 potions of magic
 g - 3 potions of berserk rage
 i - 2 potions of invisibility


   Skills:
 + Level 2.9 Fighting
 + Level 5.9 Dodging
 + Level 2.0 Stealth
 + Level 12.1 Unarmed Combat
 + Level 5.6 Spellcasting
 + Level 6.2 Transmutations
 + Level 0.3 Ice Magic
 + Level 3.3 Poison Magic


You had 8 spell levels left.
You knew the following spells:

 Your Spells              Type           Power      Damage    Failure   Level
a - Beastly Appendage     Tmut           26%        N/A       1%          1
b - Wereblood             Tmut           13%        N/A       2%          2
c - Spider Form           Tmut/Pois      11%        N/A       10%         3
d - Ice Form              Ice/Tmut       8%         N/A       50%         4

Your spell library contained the following spells:

 Spells                   Type           Power      Damage    Failure   Level


Dungeon Overview and Level Annotations

Branches:
Dungeon (1/1)

Altars:
Ashenzari
Cheibriados
Dithmenos
Elyvilon
Fedhas
Gozag
Hepliaklqana
Kikubaaqudgha
Makhleb
Nemelex Xobeh
Okawaru
Qazlal
Ru
Sif Muna
Trog
Uskayaw
Vehumet
Wu Jian
Xom
Yredelemnul
Zin
The Shining One
Jiyva
Lugonu


Innate Abilities, Weirdness & Mutations

You are a creature of crystalline ice.
You have a powerful freezing melee attack.
You are amphibious.
Your maximum health is increased.
Your armour is entirely melded.
You are incapable of wielding weapons or throwing items.
You are too large for most types of armour.
((You have claws for hands.))
Your natural rate of healing is unusually fast.
((You are covered in fur. (AC +1)))
((You have tough skin. (AC +1)))


Message History

The two-headed ogre hits you with a +0 giant club!
You pummel the two-headed ogre!! You freeze the two-headed ogre.
The two-headed ogre is severely wounded.
The phantom hits you.
You punch the two-headed ogre! You freeze the two-headed ogre.
You feel a bit better.
You kill the two-headed ogre!
The phantom barely misses you.
Your Stealth skill increases to level 2!
Your Unarmed Combat skill increases to level 12!
Your Transmutations skill increases to level 6!
You have reached level 8!
You punch the death yak! You freeze the death yak.
The death yak is lightly wounded.
The death yak is distracted by your dazzling golden aura.
The phantom hits you.
You hit the death yak. You freeze the death yak.
The death yak is no longer distracted by gold.
The death yak is moderately wounded.
You howl as the wereblood boils in your veins!
The phantom barely misses you. The death yak gores you.
You hit the death yak but do no damage.
The death yak is lightly wounded.
You punch the death yak! You freeze the death yak!
The death yak is heavily wounded.
You howl as the wereblood boils in your veins!
The phantom hits you but does no damage.
The death yak gores you!!
You punch the death yak! You freeze the death yak!
The death yak is severely wounded.
Your primal bloodlust has ended.
The phantom is distracted by your dazzling golden aura.
The death yak gores you!!
* * * LOW HITPOINT WARNING * * *
Unknown command.
You punch the death yak! You freeze the death yak.
The death yak is almost dead.
The death yak gores you!!
You die...
Your body crumbles into a pile of gold.

#.#))#.....##.......#
#.#..###)####.......#
#.##'#.....##...<...#
#.#........##.......#
#.#........##.......#
#'###########.......#
#...)...#.. #########
#.###...#W# ####
#.#.....#Y#....#
#.#...#.#Y#....#
#.....#.#.$Y...+
#...###.#'#....#
#.......'$#....#
########### ####


You could see a death yak and a phantom.

Vanquished Creatures
  A two-headed ogre (D)
  Grinder (D)
  A flying skull (D)
  A fire bat (D)
  A vampire mosquito (D)
  An ice beast (D)
  A kobold brigand (D)
  2 scorpions (D)
  A crimson imp (D)
  A gnoll (D)
  An adder (D)
  A white imp (D)
  An ufetubus (D)
  An orc (D)
  A giant cockroach (D)
  2 kobolds (D)
  A quokka (D)
  A ball python (D)
  A bat (D)
  A rat (D)
22 creatures vanquished.

Notes
Turn   | Place    | Note
-------+----------+-------------------------------------------
     0 | D        | mhtbhm the Troll Transmuter began the quest for the Orb.
     0 | D        | Reached XP level 1. HP: 18/18 MP: 1/1
    25 | D        | Found a bloodstained altar of Trog.
    25 | D        | Found a shimmering blue altar of Sif Muna.
    25 | D        | Found a viscous altar of Jiyva.
    25 | D        | Found a hazy altar of Hepliaklqana.
    25 | D        | Found an opulent altar of Gozag.
    26 | D        | Found a glowing golden altar of the Shining One.
    26 | D        | Found a glowing silver altar of Zin.
    26 | D        | Found a basalt altar of Yredelemnul.
    26 | D        | Found a shimmering altar of Xom.
    26 | D        | Found an ornate altar of the Wu Jian Council.
    26 | D        | Found a sacrificial altar of Ru.
    26 | D        | Found a stormy altar of Qazlal.
    26 | D        | Found an iron altar of Okawaru.
    26 | D        | Found a sparkling altar of Nemelex Xobeh.
    26 | D        | Found a burning altar of Makhleb.
    26 | D        | Found a blossoming altar of Fedhas.
    26 | D        | Found a white marble altar of Elyvilon.
    26 | D        | Found a shadowy altar of Dithmenos.
    26 | D        | Found a snail-covered altar of Cheibriados.
    29 | D        | Found a corrupted altar of Lugonu.
    29 | D        | Found a radiant altar of Vehumet.
    30 | D        | Found an ancient bone altar of Kikubaaqudgha.
    30 | D        | Found a hide-covered altar of Uskayaw.
    30 | D        | Found a broken altar of Ashenzari.
    39 | D        | Became a worshipper of Gozag Ym Sagoz the Greedy
    78 | D        | Noticed a scorpion
    80 | D        | Killed a scorpion
    81 | D        | Reached skill level 6 in Unarmed Combat
    81 | D        | Reached XP level 2. HP: 26/26 MP: 0/4
    81 | D        | Reached XP level 3. HP: 32/32 MP: 0/5
    84 | D        | Learned a level 2 spell: Wereblood
    88 | D        | Learned a level 3 spell: Spider Form
   239 | D        | Reached XP level 4. HP: 39/40 MP: 0/6
   405 | D        | Noticed an ice beast
   414 | D        | Killed an ice beast
   415 | D        | Reached skill level 1 in Fighting
   415 | D        | Reached skill level 7 in Unarmed Combat
   415 | D        | Reached skill level 1 in Poison Magic
   415 | D        | Reached XP level 5. HP: 23/48 MP: 3/8
   481 | D        | Learned a level 4 spell: Ice Form
   485 | D        | Noticed a flying skull
   500 | D        | Killed a flying skull
   501 | D        | Reached skill level 1 in Stealth
   501 | D        | Reached skill level 9 in Unarmed Combat
   501 | D        | Reached XP level 6. HP: 51/55 MP: 5/10
   504 | D        | Noticed Grinder
   512 | D        | Paralysed by Grinder for 5 turns
   526 | D        | Killed Grinder
   527 | D        | Reached skill level 10 in Unarmed Combat
   527 | D        | Reached XP level 7. HP: 62/62 MP: 2/12
   538 | D        | Noticed a fire bat
   553 | D        | Killed a fire bat
   554 | D        | Reached skill level 5 in Dodging
   554 | D        | Reached skill level 5 in Transmutations
   612 | D        | Noticed a vampire mosquito
   614 | D        | Killed a vampire mosquito
   615 | D        | Reached skill level 11 in Unarmed Combat
   615 | D        | Reached skill level 5 in Spellcasting
   617 | D        | Noticed a death yak
   618 | D        | Noticed a two-headed ogre
   629 | D        | Killed a two-headed ogre
   630 | D        | Reached skill level 12 in Unarmed Combat
   630 | D        | Reached XP level 8. HP: 56/74 MP: 9/15
   635 | D        | Demolished by a death yak

Illustrated notes

Levels and vault maps discovered:
D:        pitsprint [storerooms_1, entrance_room_1, metal_vault_5, armoury_1,
          mini_pit_1, grid_room_1, main_hall_1, silver_pit, the_coven_3,
          the_vestibule_1, steel_vault_2, golden_pit, hallway_of_sentries,
          crystal_vault_1, iron_vault_2, final_vault]

Skill      XL: |  1  2  3  4  5  6  7 |
---------------+----------------------+-----
Dodging        | 2 3 4 5 |  5.9
Unarmed Combat | 6 7 9 10 12 | 12.1
Spellcasting   | 2 3 4 5 |  5.6
Transmutations | 2 3 4 6 |  6.2
Fighting       | 1 2 |  2.9
Poison Magic   | 1 2 3 |  3.3
Stealth        | 1 2 |  2.0
Ice Magic      | |  0.3

Action                   |  1- 3 |  4- 6 |  7- 9 || total
-------------------------+-------+-------+-------++-------
Melee: Unarmed           |    10 |    36 |    24 ||    70
       Kick              |     2 |       |       ||     2
       Punch             |       |     1 |       ||     1
 Cast: Beastly Appendage |     1 |       |       ||     1
       Spider Form       |     1 |     3 |       ||     4
       Wereblood         |       |     3 |     1 ||     4
       Ice Form          |       |       |     1 ||     1
  Use: Potion            |       |     1 |     1 ||     2
 Stab: Sleeping          |       |       |     1 ||     1
Armor: Robe              |     2 |     1 |     2 ||     5
       Skin              |       |     2 |     1 ||     3
Dodge: Dodged            |     4 |    21 |    11 ||    36

Table legend: (Time is in decaauts)
 A = Elapsed time spent in this place.
 B = Non-inter-level travel time spent in this place.
 C = Inter-level travel time spent in this place.
 D = Time resting spent in this place.
 E = Time spent auto-exploring this place.
 F = Levels seen in this place.
 G = Mean time per level.
                   A        B        C        D        E       F      G
               +--------+--------+--------+--------+--------+-----+--------+
         Total |    624 |    624 |      0 |    329 |      0 |   1 |  624.0 |
       Dungeon |    624 |    624 |      0 |    329 |      0 |   1 |  624.0 |
               +--------+--------+--------+--------+--------+-----+--------+

Top non-repeatable levels by time:
       D: 624 daAuts
